 Dungeon Crawl Stone Soup version 0.22-a0-830-gf552829 (webtiles) character file.

31 zishaf the Sneak (level 3, 0/24 HPs)
             Began as a Vampire Enchanter on July 24, 2018.
             Slain by a gnoll
             ... wielding a +0 club
              (5 damage)
             ... on level 2 of the Dungeon.
             The game lasted 00:02:04 (833 turns).

zishaf the Sneak (Vampire Enchanter)                 Turns: 833, Time: 00:02:05

Health: 0/24       AC:  3    Str:  7    XL:     3   Next: 7%
Magic:  1/6        EV: 13    Int: 18    God:
Gold:   65         SH:  0    Dex: 14    Spells: 3/6 levels left

rFire    . . .     SeeInvis +   a - +1 dagger
rCold    . . .     Gourm    .   (no shield)
rNeg     + . .     Faith    .   b - +0 robe
rPois    .         Spirit   .   (no helmet)
rElec    .         Reflect  .   g - +0 cloak
rCorr    .         Harm     .   (no gloves)
MR       .....                  (no boots)
Stlth    +++.......             (no amulet)
HPRegen  0.08/turn              (no ring)
MPRegen  0.10/turn              (no ring)

@: no status effects
A: fangs 3, see invisible, unbreathing
a: Bat Form


You were on level 2 of the Dungeon.
You were not thirsty.

You visited 1 branch of the dungeon, and saw 2 of its levels.

You collected 65 gold pieces.

Inventory:

Hand Weapons
 a - a +1 dagger (weapon)
Armour
 b - a +0 robe (worn)
 g - a +0 cloak (worn)
Jewellery
 f - an uncursed ring of flight {unknown}
Scrolls
 c - a scroll of enchant armour {unknown}
 h - a scroll of amnesia {unknown}
 j - a scroll of identify {unknown}
Potions
 d - 9 potions of blood
 e - a potion of lignification {unknown}
 i - a potion of curing {unknown}
Comestibles
 k - a ration


   Skills:
 - Level 1.1 Short Blades
 + Level 2.7 Dodging
 + Level 5.0 Stealth
 + Level 2.3 Spellcasting
 + Level 4.9 Hexes


You had 3 spell levels left.
You knew the following spells:

 Your Spells              Type           Power        Failure   Level  Hunger
a - Ensorcelled Hibernat  Hex/Ice        ##....       10%         2    ##.....
o - Corona                Hex            ###....      2%          1    #......

Your spell library contained the following spells:

 Spells                   Type           Power        Failure   Level  Hunger
 Confuse                  Hex            ###.....     7%          3    ###....
 Tukima's Dance           Hex            ###.....     7%          3    ###....
 Dazzling Spray           Conj/Hex       ##....       19%         3    ###....


Dungeon Overview and Level Annotations

Branches:
Dungeon (2/15)

Altars:
Xom


Innate Abilities, Weirdness & Mutations

You have razor-sharp teeth.
You have supernaturally acute eyesight. (SInv)
You can survive without breathing.


Message History

Press: ? - help, Shift-Dir - straight line, f - gnoll, p - goblin
Aim: a gnoll, wielding a spear (chance to defeat MR: 50%)
The gnoll resists with some effort.
The gnoll shouts!
You hear a shout!
A bat comes into view.
A gnoll comes into view.
The gnoll hits you with a spear!
* * * LOW HITPOINT WARNING * * *
The goblin barely misses you.
The bat moves out of view.
A kobold comes into view. It is wielding a dagger.
The gnoll misses you. The gnoll closely misses you.
The goblin hits you with a club.
* * * LOW HITPOINT WARNING * * *
The goblin closely misses you.
The gnoll hits you from afar with a spear.
* * * LOW HITPOINT WARNING * * *
The gnoll closely misses you.
Yummy - fresh blood!
You see here a short sword.
The gnoll hits you with a club.
You die...

### ... #.######### ##
#..gg..g.# ####
#.##.###.#####g##...##
#.K...#.## #.#.....#
#.##.#gg# #$g.....##
#.....).# ###g.....#
#....##g# #@.....#
#..## #.# #.....#.# #.
#.. ....#...... # ....
...........#.
##........##..#.#
........ .....
.......# #.##. ...)..
.#


You could see 3 gnolls and a goblin.

Vanquished Creatures
  A gnoll (D:2)
  A dart slug (D:1)
  A leopard gecko (D:1)
  5 goblins (D:1)
  3 hobgoblins (D:1)
  2 kobolds (D:1)
  2 frilled lizards (D:1)
  3 rats (D:1)
18 creatures vanquished.

Notes
Turn   | Place    | Note
-------+----------+-------------------------------------------
     0 | D:1      | zishaf the Vampire Enchanter began the quest for the Orb.
     0 | D:1      | Reached XP level 1. HP: 13/13 MP: 3/3
   216 | D:1      | Found a basalt altar of Yredelemnul.
   218 | D:1      | Found a snail-covered altar of Cheibriados.
   218 | D:1      | Found a white marble altar of Elyvilon.
   220 | D:1      | Found a shimmering altar of Xom.
   220 | D:1      | Found a shimmering altar of Xom.
   220 | D:1      | Found an iron altar of Okawaru.
   409 | D:1      | Reached XP level 2. HP: 19/19 MP: 5/5
   413 | D:1      | Learned a level 2 spell: Ensorcelled Hibernation
   815 | D:2      | Reached skill level 5 in Stealth
   815 | D:2      | Reached XP level 3. HP: 24/24 MP: 6/6
   833 | D:2      | Slain by a gnoll

Vault maps used:
D:1:      minmay_arrival_stone_box, doesnt_xom_only_xom
D:2:      marbit_many_paths, minmay_overflow_temple_star_hex, first_ration,
          uniq_natasha

Skill      XL: |  1  2 |
---------------+-------+-----
Stealth        | 5 |  5.0
Short Blades   | |  1.1
Dodging        | |  2.7
Spellcasting   | |  2.3
Hexes          | |  4.9

Action                   || total
-------------------------++-------
Melee: Dagger            ||    29
       Bite              ||     2
 Cast: Ensorcelled Hiber ||     3
  Use: Potion            ||     1
 Stab: Sleeping          ||    10
Armor: Robe              ||     2
Dodge: Dodged            ||    20

Table legend:
 A = Spawn XP
 B = Non-spawn XP
 C = Spawn XP percentage of total XP
 D = Spawn monster count
 E = Non-spawn monster count
 F = Spawn count percentage of total count
 G = Total turns spent on level
                    A         B        C        D         E        F      G
               +---------+---------+-------+---------+---------+-------+---------
         Total |       0 |      45 |   0.0 |       0 |      18 |   0.0 |   833
               +---------+---------+-------+---------+---------+-------+---------
           D:1 |       0 |      31 |   0.0 |       0 |      17 |   0.0 |   814
           D:2 |       0 |      14 |   0.0 |       0 |       1 |   0.0 |    19
               +---------+---------+-------+---------+---------+-------+---------
